 Dungeon Crawl Stone Soup version 0.29.1-12-g30fa7ad0bf (webtiles) character file.

Game seed: 10722432697072436553

59 scsoc the Shield-Bearer (level 3, -3/33 HPs)
             Began as a Minotaur Fighter on Dec 16, 2022.
             Slain by a gnoll
             ... wielding a +0 halberd
              (9 damage)
             ... on level 2 of the Dungeon.
             The game lasted 00:04:00 (1172 turns).

scsoc the Shield-Bearer (Minotaur Fighter)          Turns: 1172, Time: 00:04:03

Health: -3/33      AC:  7    Str: 20 (22) XL:     3   Next: 78%
Magic:  2/2        EV:  8    Int:  4 (5)  God:
Gold:   61         SH:  7    Dex:  6 (9)  Spells: 2/2 levels left

rFire   . . .      SeeInvis .   a - +0 war axe
rCold   . . .      Faith    .   g - +0 kite shield
rNeg    . . .      Spirit   .   b - +0 scale mail
rPois   +          Reflect  .   (helmet restricted)
rElec   .          Harm     .   (no cloak)
rCorr   .          Rampage  .   (no gloves)
Will    .....                   (no boots)
Stlth   ..........              (no amulet)
HPRegen 0.11/turn               e - ring of poison resistance
MPRegen 0.08/turn               (no ring)

@: mighty
A: horns 2, retaliatory headbutt
a: no special abilities


You were on level 2 of the Dungeon.
You visited 1 branch of the dungeon, and saw 2 of its levels.

You collected 61 gold pieces.

Inventory:

Hand Weapons
 a - a +0 war axe (weapon)
Armour
 b - a +0 scale mail (worn)
 g - a +0 kite shield (worn)
Jewellery
 e - a ring of poison resistance (left hand)
Potions
 c - a potion of curing {unknown}
 f - a potion of invisibility {unknown}


   Skills:
 + Level 4.0 Fighting
 + Level 3.4 Axes
 + Level 4.1 Armour
 + Level 0.2 Stealth
 + Level 4.3 Shields


You had 2 spell levels left.
You didn't know any spells.
Your spell library contained the following spells:

 Spells                   Type           Power      Damage    Failure   Level
 Sting                    Tmut/Pois      0%         1d3       99%         1
 Poisonous Vapours        Pois/Air       0%         N/A       100%        2
 Call Canine Familiar     Summ           0%         N/A       100%        3
 Ignite Poison            Fire/Tmut/Pois 0%         N/A       100%        3
 Mephitic Cloud           Conj/Pois/Air  0%         N/A       100%        3
 Portal Projectile        Hex/Tloc       0%         N/A       100%        3
 Leda's Liquefaction      Hex/Erth       0%         N/A       100%        4
 Olgreb's Toxic Radiance  Pois           0%         N/A       100%        4
 Freezing Cloud           Conj/Ice/Air   0%         6-21      100%        5


Dungeon Overview and Level Annotations

Branches:
Dungeon (2/15)

Altars:

Shops:
D:2 ?


Innate Abilities, Weirdness & Mutations

You have a pair of horns on your head.
You reflexively headbutt those who attack you in melee.


Message History

Found a robe.
You see here a +0 robe.
Found a mace.
Found a scale mail and a leather armour.
You open the door. 4 gnolls come into view.
The gnoll shouts! x4; You hear an angry hiss.
A ball python comes into view.
Found Dunk's Magic Scroll Shoppe.
The gnoll hits you from afar with a +0 halberd!
You block the gnoll's attack.
You barely miss the gnoll. You block the gnoll's attack.
The gnoll closely misses you. The gnoll hits you but does no damage.
The gnoll hits you from afar with a +0 halberd.
You slash the gnoll!
The gnoll is almost dead.
The gnoll barely misses you. You furiously retaliate!
You headbutt the gnoll.
You kill the gnoll!
The gnoll closely misses you.
You feel very mighty all of a sudden. The gnoll closely misses you.
The gnoll hits you from afar with a +0 halberd!
* * * LOW HITPOINT WARNING * * *
The gnoll closely misses you.
Things that are here:
a +0 spear; a throwing net; a gnoll corpse You barely miss the gnoll.
The gnoll hits you from afar with a +0 halberd.
* * * LOW HITPOINT WARNING * * *
You block the gnoll's attack. x2; The gnoll closely misses you.
You slash the gnoll! You headbutt the gnoll.
The gnoll is almost dead.
The gnoll barely misses you. You block the gnoll's attack.
You hit the gnoll.
You kill the gnoll!
The gnoll hits you from afar with a +0 halberd.
* * * LOW HITPOINT WARNING * * *
The gnoll hits you but does no damage.
The gnoll hits you from afar with a +0 halberd!
You die...

##.##.#
##.##.......#
...# #
#.#####.##.#
#### #.# #.##.#
# #.# #.##.###
#####.# .[.
..##...#
......# ....
######.#
..##### .....
##..# ..####
.....g####...##
.....+
∩....Sg@......#
..####
......####...##
..# ..... ##..#
#.# .... ##.#
.# ... .... ##
#+ .##. ## #


You could see 2 gnolls and a ball python.

Vanquished Creatures
  2 gnolls (D:2)
  An adder (D:2)
  2 ball pythons (D:1)
  6 endoplasms (D:1)
  3 giant cockroaches (D:1)
  6 hobgoblins (D:1)
  2 kobolds (D:1)
  2 quokkas (D:1)
  5 bats (D:1)
  4 goblins (D:1)
  3 rats
36 creatures vanquished.

Notes
Turn   | Place    | Note
-------+----------+-------------------------------------------
     0 | D:1      | scsoc the Minotaur Fighter began the quest for the Orb.
     0 | D:1      | Reached XP level 1. HP: 19/19 MP: 0/0
   132 | D:1      | Reached XP level 2. HP: 27/27 MP: 1/1
   598 | D:1      | Reached XP level 3. HP: 33/33 MP: 2/2
   692 | D:1      | Found a faded altar of an unknown god.
  1162 | D:2      | Found Dunk's Magic Scroll Shoppe.
  1172 | D:2      | Slain by a gnoll

Illustrated notes

Levels and vault maps discovered:
D:1:      ebering_hopf_link, layout_basic, shapermc_ecumenical_altar_notcrosses
D:2:      layout_loops_corners, serial_shops, shop, uniq_terence, uniq_sigmund

Skill      XL: |  1  2  3 |
---------------+----------+-----
Shields        | 4 |  4.3
Armour         | 4 |  4.1
Fighting       | 4 |  4.0
Axes           | 3 |  3.4
Stealth        | |  0.2

Action                   || total
-------------------------++-------
Melee: War axe           ||    80
       Headbutt          ||     8
  Use: Potion            ||     4
       Scroll            ||     2
Armor: Scale mail        ||    33
Dodge: Dodged            ||    45
Block: Buckler           ||    10
       Kite shield       ||    22
